 Dungeon Crawl Stone Soup version 0.19.0-9-gfd783f2 (webtiles) character file.

167 DolphinMcRibs the Chopper (level 5, -4/39 HPs)
             Began as a Human Gladiator on Nov 7, 2016.
             Slain by a gnoll
             ... wielding a +0 halberd
              (7 damage)
             ... on level 3 of the Dungeon.
             The game lasted 00:30:08 (2533 turns).

DolphinMcRibs the Chopper (Human Gladiator)         Turns: 2533, Time: 00:30:09

Health: -4/39      AC: 10    Str: 18    XL:     5   Next: 76%
Magic:  5/5        EV: 11    Int:  8    God:
Gold:   78         SH:  0    Dex: 14    Spells: 0 memorised, 4 levels left

rFire  . . .     SeeInvis .     a - +0 war axe
rCold  . . .     Gourm    .     p - +0 scale mail
rNeg   . . .     Faith    .     (no shield)
rPois  .         Spirit   .     c - +0 helmet
rElec  .         Reflect  .     (no cloak)
rCorr  .         Harm     .     (no gloves)
MR     .....                    (no boots)
Stlth  ..........               (no amulet)
                                (no ring)
                                l - +3 ring of protection

@: no status effects
A: strong 1
a: no special abilities


You were on level 3 of the Dungeon.
You were not hungry.

You visited 1 branch of the dungeon, and saw 3 of its levels.

You collected 78 gold pieces.

Inventory:

Hand Weapons
 a - a +0 war axe (weapon)
 e - a +0 club
 o - a cursed -1 trident
 r - a +0 scimitar
 s - a +2 dagger of draining
 w - a +0 mace
Missiles
 d - 3 throwing nets (quivered)
 g - 107 stones
 z - 3 needles of sleeping
Armour
 b - a +0 leather armour
 c - a +0 helmet (worn)
 h - a +0 ring mail
 p - a +0 scale mail (worn)
 y - a +0 chain mail
Jewellery
 l - a +3 ring of protection (left hand)
Wands
 q - a wand of polymorph (0/24)
 x - a wand of digging (14/24)
 B - a wand of flame (26/48)
Scrolls
 j - a scroll of enchant weapon {unknown}
 k - 2 scrolls of remove curse {unknown}
 t - 4 scrolls of teleportation {unknown}
 v - 2 scrolls of identify {unknown}
 D - a scroll of amnesia {unknown}
Potions
 i - a potion of beneficial mutation
 n - a potion of mutation
 u - a potion of heal wounds {unknown}
Comestibles
 f - a bread ration
 m - 3 beef jerkies
 A - a meat ration


   Skills:
 + Level 2.6 Fighting
 + Level 4.6 Axes
 + Level 2.1 Throwing
 + Level 2.0 Armour
 + Level 3.6 Dodging


You had 4 spell levels left.
You didn't know any spells.

Dungeon Overview and Level Annotations

Branches:
Dungeon (3/15)

Altars:
Qazlal


Innate Abilities, Weirdness & Mutations

Your muscles are strong. (Str +2)


Message History

* * * LOW HITPOINT WARNING * * *
It was a potion of curing.
You feel better. The gnoll closely misses you. The hobgoblin barely misses you.
The gnoll misses you.
You feel stronger.
You feel fantastic! The gnoll hits you with a whip.
* * * LOW HITPOINT WARNING * * *
The hobgoblin closely misses you.
You barely miss the gnoll.
The gnoll is heavily wounded.
You closely miss the hobgoblin. The gnoll closely misses you.
The gnoll hits you with a whip!
* * * LOW HITPOINT WARNING * * *
The hobgoblin barely misses you.
You slash the hobgoblin!
You kill the hobgoblin!
You closely miss the gnoll. The gnoll closely misses you. x2
You closely miss the gnoll.
The gnoll is heavily wounded.
The gnoll hits you from afar with a halberd!
You die...

.. #. .# ##. #.##
######.# ...
....##......###. #
............#... #
................
.....g.......#
.......g.....# .....
.......@..?..# .....
.......).....# .....
.............# ...
.........†..## ...
....##.....## ###.####
###.....##.#####... .#
.....###...............#
...
................#####..
#.##...........###...#


You could see 2 gnolls.

Vanquished Creatures
  Terence (D:2)
  A gnoll (D:3)
  4 adders
  An ooze (D:3)
  2 worms
  A dart slug (D:2)
  7 leopard geckos
  6 orcs (D:3)
  7 bats
  4 giant cockroaches
  4 goblins
  11 hobgoblins
  4 jackals
  3 kobolds
  2 frilled lizards (D:2)
  10 rats
68 creatures vanquished.

Notes
Turn   | Place    | Note
-------+----------+-------------------------------------------
     0 | D:1      | DolphinMcRibs the Human Gladiator began the quest for the Orb.
     0 | D:1      | Reached XP level 1. HP: 16/16 MP: 1/1
   145 | D:1      | Reached XP level 2. HP: 11/22 MP: 2/2
   321 | D:1      | Gained mutation: Your muscles are strong. (Str +2) [potion of beneficial mutation]
   784 | D:1      | Reached XP level 3. HP: 27/27 MP: 3/3
   944 | D:2      | Noticed Terence
  1006 | D:2      | Killed Terence
  1006 | D:2      | Reached skill level 1 in Armour
  1006 | D:2      | Reached XP level 4. HP: 13/34 MP: 4/4
  1016 | D:2      | Gained mutation: You are agile. (Dex +2) [potion of mutation]
  1016 | D:2      | Lost mutation: You are agile. (Dex +2) [potion of mutation]
  1016 | D:2      | Lost mutation: Your muscles are strong. (Str +2) [potion of mutation]
  1326 | D:2      | Found a stormy altar of Qazlal.
  1831 | D:2      | Reached skill level 4 in Axes
  1948 | D:2      | Reached XP level 5. HP: 36/39 MP: 5/5
  2528 | D:3      | HP: 1/39 [gnoll/halberd (8)]
  2530 | D:3      | Gained mutation: Your muscles are strong. (Str +2) [potion of beneficial mutation]
  2533 | D:3      | Slain by a gnoll

Skill      XL: |  1  2  3  4  5 |
---------------+----------------+-----
Armour         | 1 2 |  2.0
Axes           | 4 |  4.6
Fighting       | |  2.6
Throwing       | |  2.1
Dodging        | |  3.6

Action                   |  1- 3 |  4- 6 || total
-------------------------+-------+-------++-------
Melee: War axe           |    68 |   144 ||   212
  Use: Potion            |     1 |     3 ||     4
  Eat: Bread ration      |       |     1 ||     1
       Pizza             |       |     1 ||     1
Armor: Leather armour    |     4 |       ||     4
       Ring mail         |    44 |     2 ||    46
       Skin              |    14 |       ||    14
       Scale mail        |       |   101 ||   101
Dodge: Dodged            |    74 |   125 ||   199
